Map: [TLMC15] Berlingrad

Players

DRG - Winner!

  • Race: Zerg Zerg

Serral

  • Race: Zerg Zerg

Event: DreamHack SC2 Masters Last Chance 2022

VOD

Have the link to the VOD?

Description

Time

  • Played on: Jan. 14, 2022, 8:28 a.m.
  • Length: 6:02

All games in this series

Show
View Real Time Build Order
Export as new Build Order

DRG Zerg - Winner!

Build Orders: Hatch First 

Get SALT Encoding   

  12  0:00  Drone  
  13  0:11  Overlord  
  13  0:17  Drone  
  14  0:30  Drone x2  
  16  0:47  Hatchery  
  15  0:50  Drone  
  15  0:54  Drone  
  17  0:57  Drone  
  18  1:08  Extractor  
  17  1:12  Spawning Pool  
  17  1:15  Drone  
  17  1:19  Drone  
  18  1:27  Drone  
  19  1:38  Drone  
  20  1:49  Drone  
  21  1:59  Queen x2  
  21  2:00  Zergling x4  
  27  2:11  Overlord, Metabolic Boost  
  27  2:12  Drone  
  28  2:30  Drone x2  
  28  2:34  Hatchery  
  28  2:36  Drone x2  
  31  2:45  Queen  
  33  2:56  Baneling Nest  
  33  2:57  Overlord  
  33  2:58  Drone  
  33  2:59  Drone  
  33  3:02  Zergling x2  
  35  3:12  Drone  
  36  3:16  Drone x3  
  36  3:18  Zergling x2  
  40  3:21  Overlord  
  40  3:25  Zergling x2  
  40  3:26  Zergling x4  
  43  3:39  Baneling  
  43  3:40  Baneling x3  
  43  3:41  Zergling x10  
  43  3:45  Zergling x2  
  49  3:51  Drone  
  48  4:00  Zergling x14  
  55  4:09  Extractor, Roach Warren  
  53  4:10  Zergling x2  
  53  4:13  Overlord  
  53  4:28  Zergling x2  
  50  4:45  Evolution Chamber  
  49  4:52  Roach x8  
  65  4:55  Roach  
  65  4:56  Overlord  
  66  5:02  Overlord  
  66  5:04  Overlord  
  66  5:06  Overlord  
  65  5:12  Baneling x7  
  64  5:21  Zergling x2  
  64  5:22  Zergling x2  
  64  5:23  Zergling x2  
  64  5:25  Zergling x2  
  64  5:27  Zergling x2  
  69  5:35  Zergling x2  
  69  5:42  Zergling x6  
Show
View Real Time Build Order
Export as new Build Order

Serral Zerg 

Build Orders: Hatch First, Zergling Baneling 

Get SALT Encoding   

  12  0:00  Drone  
  13  0:12  Overlord  
  13  0:16  Drone  
  14  0:30  Drone x2  
  16  0:47  Hatchery  
  15  0:50  Drone  
  15  0:54  Drone  
  17  0:57  Drone  
  18  1:08  Extractor  
  17  1:12  Spawning Pool  
  17  1:16  Drone  
  17  1:19  Drone  
  18  1:28  Drone  
  19  1:40  Drone  
  20  1:59  Drone, Queen x2  
  20  2:00  Zergling x2  
  26  2:02  Overlord  
  26  2:10  Drone x2  
  26  2:12  Metabolic Boost  
  28  2:21  Drone  
  28  2:22  Drone  
  30  2:32  Zergling x2  
  30  2:33  Zergling x2  
  32  2:40  Hatchery  
  31  2:46  Drone  
  31  2:50  Baneling Nest  
  30  2:52  Overlord  
  30  2:56  Zergling x4  
  33  3:03  Hatchery  
  32  3:08  Drone x2  
  32  3:10  Zergling x4  
  36  3:14  Zergling x4  
  38  3:22  Drone, Overlord  
  38  3:25  Zergling x2  
  38  3:26  Zergling x2  
  41  3:31  Drone  
  41  3:33  Baneling  
  41  3:34  Baneling x2  
  42  3:35  Drone  
  42  3:41  Drone x2  
  45  3:45  Drone x2, Evolution Chamber  
  46  3:49  Zergling x2  
  46  3:52  Drone  
  46  3:53  Drone  
  47  4:04  Baneling  
  47  4:05  Zergling x6, Baneling  
  49  4:10  Baneling  
  49  4:12  Roach Warren  
  49  4:13  Zergling x6  
  51  4:22  Drone x2  
  51  4:24  Zergling x2  
  51  4:25  Drone x2  
  51  4:27  Drone x3  
  51  4:28  Extractor  
  56  4:33  Queen  
  56  4:35  Baneling x2  
  57  4:39  Overlord  
  57  4:55  Overlord x2  
  57  4:56  Overlord  
  57  4:58  Overlord  
  56  5:02  Drone x2  
  56  5:03  Drone  
  56  5:05  Drone  
  59  5:09  Roach  
  59  5:13  Roach  
  63  5:17  Drone x2  
  64  5:24  Baneling  
  64  5:26  Zergling x16  
  72  5:30  Spine Crawler  
  72  5:31  Spine Crawler  
  69  5:36  Zergling x4, Roach x2  
  69  5:41  Roach x2  
  72  5:44  Zergling x4  

Tags
 
Add a new tag
Caveats
  • Supply blocks, unpowered buildings, or Contaminate may cause inaccurate times.
  • Supply counts are checked every 10 seconds.